 Dungeon Crawl Stone Soup version 0.31-a0-1111-ga3525b893c (webtiles) character file.

Game seed: 6513915467820885090

100814 Armakuni the Markshuman (level 16, -27/122 HPs)
             Began as a Human Hunter on Dec 3, 2023.
             Was an Initiate of Gozag.
             Annihilated by Rupert
             ... wielding a +0 heavy great sword
              (32 damage)
             ... on level 12 of the Dungeon.
             The game lasted 00:55:59 (22000 turns).

Armakuni the Markshuman (Human Hunter)             Turns: 22000, Time: 00:56:00

Health: -27/122    AC: 17    Str: 14    XL:     16   Next: 80%
Magic:  16/16      EV: 22    Int:  9    God:    Gozag
Gold:   654        SH:  0    Dex: 27    Spells: 11/15 levels left

rFire   + . .        a - +10 arbalest of Propriety {drain, rElec rCorr Dex+4}
rCold   + . .        (shield currently unavailable)
rNeg    . . .        D - quicksilver dragon scales "Razeiph" {Will+ SInv}
rPois   +            A - +0 helmet "Maschausk" {rElec rPois}
rElec   +            S - scarf {rC+ rF+}
rCorr   +            C - +0 pair of gloves
SInv    +            z - +0 pair of boots
Will    +++..        M - amulet of magic regeneration
Stlth   ++           L - ring of flight
HPRegen 0.40/turn    W - ring of willpower
MPRegen 0.55/turn

%: no passive effects
@: flying
A: no striking features
a: Renounce Religion, Potion Petition, Call Merchant, Bribe Branch


You were on level 12 of the Dungeon.
You worshipped Gozag.
Gozag was pleased with you.
You visited 5 branches of the dungeon, and saw 23 of its levels.
You also visited: Sewer, Bailey and Ice Cave.

You collected 9672 gold pieces.
You spent 3472 gold pieces at shops.
You paid 5546 gold pieces to Gozag.

Inventory:

Hand Weapons
 a - the +10 arbalest of Propriety (weapon) {drain, rElec rCorr Dex+4}
   (You acquired it on level 2 of the Dungeon)

   Dex+4:     It affects your dexterity (+4).
   rElec:     It insulates you from electricity.
   rCorr:     It protects you from acid and corrosion.
 b - a +3 scimitar of flaming
 I - the +6 scimitar "Muunt" {venom, Dex+4}
   (You found it on level 11 of the Dungeon)

   Dex+4:     It affects your dexterity (+4).
Missiles
 u - a throwing net
Armour
 z - a +0 pair of boots (worn)
 A - the +0 helmet "Maschausk" (worn) {rElec rPois}
   (You found it on level 4 of the Lair of Beasts)

   rElec:     It insulates you from electricity.
   rPois:     It protects you from poison
 C - a +0 pair of gloves (worn)
 D - the quicksilver dragon scales "Razeiph" (worn) {Will+ SInv}
   (You bought it in a shop on level 1 of the Lair of Beasts)

   Will+:     It increases your willpower.
   SInv:      It lets you see invisible.
 R - a +2 cloak of preservation
 S - a scarf of resistance (worn)
Jewellery
 g - the ring "Wovvyukli" {rElec rPois Dex+2}
   (You found it on level 12 of the Dungeon)

   [ring of poison resistance]

   Dex+2:     It affects your dexterity (+2).
   rElec:     It insulates you from electricity.
   rPois:     It protects you from poison
 F - a ring of protection from fire
 L - a ring of flight (left hand)
 M - an amulet of magic regeneration (around neck)
 W - a ring of willpower (right hand)
Wands
 c - a wand of charming (12)
 h - a wand of quicksilver (7)
 j - a wand of iceblast (5)
 m - a wand of mindburst (8)
 p - a wand of polymorph (10)
 v - a wand of flame (52)
Scrolls
 e - 4 scrolls of fog
 f - 4 scrolls of revelation
 i - 3 scrolls of fear
 k - 10 scrolls of teleportation
 o - a scroll of torment
 q - 3 scrolls of vulnerability
 B - 2 scrolls of amnesia
 E - a scroll of noise
 K - a scroll of immolation
 P - a scroll of poison
Potions
 d - 4 potions of might
 l - 2 potions of berserk rage
 n - 5 potions of curing
 r - 6 potions of brilliance
 t - 5 potions of resistance
 w - a potion of lignification
 x - 6 potions of enlightenment
 y - a potion of mutation
 G - a potion of haste
 H - a potion of invisibility
 O - 2 potions of ambrosia
Miscellaneous
 J - a condenser vane (inert)


   Skills:
 - Level 10.0 Fighting
 - Level 20.0 Ranged Weapons
 - Level 10.0 Armour
 + Level 12.9 Dodging
 - Level 1.0 Stealth
 - Level 10.0 Evocations


You had 11 spell levels left.
You knew the following spells:

 Your Spells              Type           Power      Damage    Failure   Level
m - Iskenderun's Mystic   Conj/Tloc      0%         2d3       100%        4

Your spell library contained the following spells:

 Spells                   Type           Power      Damage    Failure   Level
 Kiss of Death            Conj/Necr      0%         2d5       56%         1
 Magic Dart               Conj           0%         1d3       56%         1
 Ensorcelled Hibernation  Hex/Ice        0%         N/A       71%         2
 Passwall                 Tmut/Erth      0%         N/A       71%         2
 Searing Ray              Conj           0%         2d4       71%         2
 Confusing Touch          Hex            0%         N/A       91%         3
 Gell's Gravitas          Tloc           0%         N/A       91%         3
 Inner Flame              Hex/Fire       0%         N/A       91%         3
 Swiftness                Air            0%         N/A       91%         3
 Teleport Other           Tloc           0%         N/A       91%         3
 Volatile Blastmotes      Fire/Tloc      0%         2d10      91%         3
 Animate Armour           Summ/Erth      0%         N/A       100%        4
 Brom's Barrelling Bould  Conj/Erth      0%         2d3       100%        4
 Dispel Undead            Necr           0%         3d6       100%        4
 Flame Wave               Conj/Fire      0%         2d4       100%        4
 Fulminant Prism          Conj/Hex       0%         3d5       100%        4
 Sticky Flame             Conj/Fire      0%         2d3       100%        4
 Summon Lightning Spire   Summ/Air       0%         N/A       100%        4
 Fireball                 Conj/Fire      0%         3d3       100%        5
 Iskenderun's Battlesphe  Conj           0%         2d6       100%        5
 Lee's Rapid Deconstruct  Erth           0%         3d4*      100%        5
 Conjure Ball Lightning   Conj/Air       0%         3x3d6     100%        6
 Dispersal                Tloc           0%         N/A       100%        6
 Orb of Destruction       Conj           0%         9d5       100%        7


Dungeon Overview and Level Annotations

Branches:
Dungeon (12/15)            Temple (1/1) D:4            Lair (5/5) D:9
  Swamp (3/4) Lair:3       Spider (0/4) Lair:3        Slime (0/5) Lair:4
    Orc (2/2) D:9             Elf (0/3) Orc:2         Sewer (visited)
 Bailey (visited)           IceCv (visited)

Altars:
Ashenzari
Cheibriados
Dithmenos
Elyvilon
Fedhas
Gozag
Hepliaklqana
Kikubaaqudgha
Makhleb
Nemelex Xobeh
Okawaru
Qazlal
Ru
Sif Muna
Trog
Uskayaw
Vehumet
Wu Jian
Xom
Yredelemnul
Zin
The Shining One
Jiyva

Shops:
D:9 [   Orc:2 [(*=   Lair:1 [=[[

Annotations:
D:12 Rupert


Message History

You shoot a bolt. The bolt hits Rupert!!
Rupert is moderately wounded.
You shoot a bolt. The bolt hits Rupert!!
Rupert is heavily wounded.
You shoot a bolt.
The bolt hits Rupert but does no damage.
Rupert is heavily wounded.
You shoot a bolt. The bolt hits Rupert!!
Rupert is heavily wounded.
Rupert roars madly and goes into a rage!
Rupert goes berserk!
You shoot a bolt. The bolt hits Rupert!!
You drain Rupert!
Rupert is severely wounded.
You shoot a bolt. The bolt hits Rupert.
Rupert is almost dead.
Rupert hits you with a +0 heavy great sword!!
You shoot a bolt. The bolt closely misses Rupert.
Rupert barely misses you.
You shoot a bolt. The bolt hits Rupert.
Rupert is almost dead.
Rupert barely misses you.
You shoot a bolt. The bolt hits Rupert!
You drain Rupert.
Rupert is almost dead.
Rupert barely misses you.
You shoot a bolt. The bolt closely misses Rupert.
Rupert hits you with a +0 heavy great sword!!!
You are too injured to fight recklessly!
Fire: a) +10 arbalest of Propriety {drain, rElec rCorr Dex+4}
Press: ? - help, Q - select action, (/) - cycle Shift-Dir - straight line, f/p - Rupert
Aim: Rupert, wielding a +0 heavy great sword and wearing a +4 ring mail of poison resistance (almost dead, berserk, lightly drained, 80% to hit)
You shoot a bolt. The bolt closely misses Rupert.
Rupert hits you with a +0 heavy great sword!!!
* * * LOW HITPOINT WARNING * * *
Fire: a) +10 arbalest of Propriety {drain, rElec rCorr Dex+4}
Press: ? - help, Q - select action, (/) - cycle Shift-Dir - straight line, f/p - Rupert
Aim: Rupert, wielding a +0 heavy great sword and wearing a +4 ring mail of poison resistance (almost dead, berserk, lightly drained, 80% to hit)
You shoot a bolt. The bolt barely misses Rupert.
Rupert hits you with a +0 heavy great sword!!
You die...
Rupert roars with triumph.
Your body crumbles into a pile of gold.

#..##..###...#..##.#
#........#......##)#
#.###..#.#.#.##.##.#
#.###........##+##.#
#......#.#.........#
########.####.....##
##.##.###.......#
.#######...#.##.........
......@@).....'.........
########...#.##.........
##.##.###.......#
#####.# ##.....##
#.....# ##...## #.#####
##'## #.# #.# #.# #.#
#.# ##.####


You could see Rupert (berserk, drained).

Vanquished Creatures
  Kirke (Lair:3)
  Gastronok (Lair:1)
  An azure jelly (IceCv)
  2 orc warlords
  A quicksilver ooze (IceCv)
  7 eleionomae
  2 bunyips
  A dire elephant (Lair:5)
  3 shambling mangroves (Swamp:2)
  2 catoblepae
  7 hydras
  4 alligators
  Erica (Lair:1)
  2 boulder beetles
  4 two-headed ogres
  3 death yaks (Lair:5)
  3 orc high priests (Orc:2)
  Amaemon (Lair:1)
  A skyshark (Lair:4)
  2 goliath frogs (Swamp:2)
  4 spriggan druids
  3 swamp dragons
  A bog body (Swamp:2)
  2 lindwurms (Lair:5)
  4 orc knights
  An ugly thing (D:11)
  6 orc sorcerers (Orc:2)
  A cyclops (Orc:1)
  6 will-o-the-wisps (Swamp:1)
  5 centaur zombies (D:11)
  12 elephants
  4 black mambas
  2 ice statues (IceCv)
  2 kobold blastminers (Orc:2)
  7 gargoyles
  An orange demon (Lair:1)
  11 cane toads
  5 rime drakes
  7 komodo dragons
  2 trolls (D:10)
  4 bloated husks
  13 hornets
  A merfolk (D:8)
  9 dream sheep (Lair:5)
  12 tyrant leeches
  10 blink frogs
  3 culicivoras (Lair:3)
  11 slime creatures (IceCv)
  5 spriggans (Swamp:1)
  66 yaks
  2 vampires
  A wraith (D:10)
  4 wyverns
  6 shadows
  16 vampire mosquitoes
  4 basilisks
  A warg (Orc:2)
  5 great orb of eyes simulacra (IceCv)
  5 swamp worms
  2 acid dragons
  9 water moccasins
  2 swamp drakes (Swamp:2)
  A black bear (D:5)
  22 orc warriors
  8 ice beasts
  An ogre (Orc:2)
  4 centaurs
  14 wolves
  3 slime creature simulacra (IceCv)
  3 phantoms (D:7)
  3 kobold brigands
  A gnoll sergeant (D:8)
  A brain worm (Sewer)
  3 scorpions (D:5)
  14 bullfrogs
  3 glowing shapeshifter simulacra (IceCv)
  A two-headed ogre simulacrum (D:11)
  3 wights (D:10)
  12 killer bees
  2 howler monkeys
  5 hounds
  21 orc priests
  5 jellies
  A gnoll bouda (D:5)
  6 hell rats (Lair:3)
  3 iguanas (D:5)
  36 orc wizards
  3 shapeshifter simulacra (IceCv)
  A troll simulacrum (D:11)
  A howler monkey zombie (D:11)
  24 gnolls
  4 river rats (Sewer)
  10 adders
  A naga simulacrum (D:11)
  A white imp (D:6)
  2 ufetubi (D:6)
  6 worms
  2 dart slugs
  97 orcs
  8 ball pythons
  11 bats
  5 endoplasms
  10 giant cockroaches
  14 goblins
  21 hobgoblins
  4 jackals
  13 kobolds
  13 quokkas
  5 frilled lizards
  7 rats
765 creatures vanquished.

Vanquished Creatures (collateral kills)
  3 slime creatures (IceCv)
  A vampire mosquito (Swamp:1)
  An endoplasm (D:2)
  A rat (D:2)
6 creatures vanquished.

Vanquished Creatures (others)
  2 slime creatures (IceCv)
  A cane toad (Lair:3)
  A bloated husk (Swamp:1)
  A human (Lair:3)
  A swamp drake (Swamp:2)
  An orc wizard (Orc:2)
  20 foxfires (Swamp:1)
27 creatures vanquished.

Grand Total: 798 creatures vanquished

Notes
Turn   | Place    | Note
-------+----------+-------------------------------------------
     0 | D:1      | Armakuni the Human Hunter began the quest for the Orb.
     0 | D:1      | Reached XP level 1. HP: 16/16 MP: 1/1
    91 | D:1      | Reached XP level 2. HP: 22/22 MP: 2/2
   206 | D:1      | Reached XP level 3. HP: 27/27 MP: 3/3
   289 | D:1      | Found a faded altar of an unknown god.
   689 | D:2      | Identified a scroll of acquirement
   691 | D:2      | Acquired the +10 arbalest of Propriety {drain, rElec rCorr
                  | Dex+4}
   809 | D:2      | Reached skill level 5 in Ranged Weapons
   934 | D:2      | Reached XP level 4. HP: 33/33 MP: 4/4
  1382 | D:3      | Found an ancient bone altar of Kikubaaqudgha.
  1838 | D:4      | Found an opulent altar of Gozag.
  1901 | D:4      | Found a hazy altar of Hepliaklqana.
  1919 | D:4      | Became a worshipper of Gozag Ym Sagoz the Greedy
  1934 | D:4      | Reached skill level 6 in Ranged Weapons
  1934 | D:4      | Reached XP level 5. HP: 38/38 MP: 5/5
  1948 | D:4      | Found a shadowy altar of Dithmenos.
  1948 | D:4      | Noticed a shadow
  2012 | D:4      | Found a bloodstained altar of Trog.
  2164 | D:4      | Reached XP level 6. HP: 44/44 MP: 6/6
  2164 | D:4      | Found a shimmering altar of Xom.
  2166 | D:4      | Reached skill level 7 in Ranged Weapons
  2284 | D:4      | Found a glowing drain.
  2295 | Sewer    | Entered a sewer
  2739 | Sewer    | Reached XP level 7. HP: 41/50 MP: 7/7
  2741 | Sewer    | Reached skill level 8 in Ranged Weapons
  2961 | D:4      | Found a broken altar of Ashenzari.
  3371 | D:4      | Found a staircase to the Ecumenical Temple.
  3380 | Temple   | Entered the Ecumenical Temple
  3416 | D:5      | Entered Level 5 of the Dungeon
  3618 | D:5      | Reached skill level 9 in Ranged Weapons
  3620 | D:5      | Reached XP level 8. HP: 49/56 MP: 8/8
  3652 | D:5      | Reached skill level 10 in Ranged Weapons
  4243 | D:5      | You are sucked into a shaft and drop 1 floor!
  4317 | D:6      | Reached skill level 11 in Ranged Weapons
  4616 | D:6      | Reached XP level 9. HP: 61/61 MP: 9/9
  5337 | D:7      | Reached skill level 12 in Ranged Weapons
  5587 | D:7      | Reached skill level 13 in Ranged Weapons
  5733 | D:7      | Reached XP level 10. HP: 67/67 MP: 10/10
  5740 | D:7      | Found a blossoming altar of Fedhas.
  6014 | D:8      | Noticed a two-headed ogre
  6019 | D:8      | Killed a two-headed ogre
  6020 | D:8      | Reached skill level 14 in Ranged Weapons
  6209 | D:8      | Reached skill level 15 in Ranged Weapons
  6630 | D:8      | Reached XP level 11. HP: 27/72 MP: 11/11
  6792 | D:8      | Found a broken altar of Ashenzari.
  6959 | D:8      | Reached skill level 16 in Ranged Weapons
  7147 | D:8      | HP: 3/72 [gargoyle/+0 flail (16)]
  7911 | D:9      | Reached skill level 17 in Ranged Weapons
  7929 | D:9      | Bought a scorched leather armour for 182 gold pieces
  7929 | D:9      | Identified the +3 leather armour "Warphaze" {rC+} (You
                  | bought it in a shop on level 9 of the Dungeon)
  7939 | D:9      | Bought a shimmering leather armour for 182 gold pieces
  7939 | D:9      | Identified the +1 leather armour of Bedevilment {+Inv
                  | Will+} (You bought it in a shop on level 9 of the Dungeon)
  7982 | D:9      | Found a staircase to the Lair.
  8053 | D:9      | Found a flagged portal.
  8069 | Bailey   | Entered a bailey
  8300 | Bailey   | Noticed an orc warlord
  8311 | Bailey   | Killed an orc warlord
  8477 | Bailey   | Acquired 1025 gold pieces
  8588 | Lair:1   | Entered Level 1 of the Lair of Beasts
  8608 | Lair:1   | Reached skill level 18 in Ranged Weapons
  8653 | Lair:1   | Reached XP level 12. HP: 80/80 MP: 12/12
  8686 | Lair:1   | Noticed Gastronok
  8693 | Lair:1   | Killed Gastronok
  8921 | Lair:1   | Noticed Erica
  8925 | Lair:1   | Killed Erica
  9024 | Lair:1   | Bought masterwork quicksilver dragon scales for 2015 gold
                  | pieces
  9024 | Lair:1   | Identified the quicksilver dragon scales "Razeiph" {Will+
                  | SInv} (You bought it in a shop on level 1 of the Lair of
                  | Beasts)
  9058 | Lair:1   | Noticed Amaemon
  9059 | Lair:1   | Reached skill level 5 in Fighting
  9059 | Lair:1   | Reached skill level 5 in Dodging
  9064 | Lair:1   | Killed Amaemon
  9578 | Lair:2   | Noticed a catoblepas
  9585 | Lair:2   | Killed a catoblepas
  9805 | Lair:2   | Reached XP level 13. HP: 96/96 MP: 13/13
 10790 | Lair:3   | Found a staircase to the Swamp.
 11113 | Lair:3   | Reached skill level 10 in Fighting
 11113 | Lair:3   | Reached skill level 10 in Dodging
 11121 | Lair:3   | Found a hole to the Spider Nest.
 11177 | Lair:3   | Noticed a five-headed hydra
 11180 | Lair:3   | Killed a five-headed hydra
 11221 | Lair:3   | You are sucked into a shaft and drop 2 floors!
 11221 | Lair:5   | Entered Level 5 of the Lair of Beasts
 11505 | Lair:1   | Bought a pair of runed gloves for 292 gold pieces
 11505 | Lair:1   | Bought a runed cloak for 292 gold pieces
 11781 | Lair:3   | Noticed a seven-headed hydra
 11784 | Lair:3   | Noticed Kirke
 11789 | Lair:3   | Killed a seven-headed hydra
 11794 | Lair:3   | Killed Kirke
 11795 | Lair:3   | Reached skill level 5 in Armour
 11795 | Lair:3   | Reached XP level 14. HP: 103/110 MP: 14/14
 12435 | Lair:4   | Identified the +9 flail of the Jolly Mouths {heavy, Fly
                  | Will+ Int-4 Dex+3}
 12457 | Lair:4   | Identified the +0 helmet "Maschausk" {rElec rPois}
 12517 | Lair:4   | Found a viscous altar of Jiyva.
 12517 | Lair:4   | Found a staircase to the Slime Pits.
 12631 | Lair:4   | Learned a level 4 spell: Iskenderun's Mystic Blast
 12779 | Lair:4   | Found a shimmering blue altar of Sif Muna.
 13711 | Lair:5   | Reached skill level 1 in Evocations
 14065 | Lair:5   | Reached skill level 10 in Armour
 14102 | Lair:5   | Noticed a dire elephant
 14112 | Lair:5   | Killed a dire elephant
 14119 | Lair:5   | Reached skill level 5 in Evocations
 14498 | D:9      | Found a staircase to the Orcish Mines.
 14913 | Orc:1    | Entered Level 1 of the Orcish Mines
 15338 | Orc:2    | Entered Level 2 of the Orcish Mines
 15411 | Orc:2    | Noticed an orc warlord
 15425 | Orc:2    | Killed an orc warlord
 15426 | Orc:2    | Reached XP level 15. HP: 110/115 MP: 15/15
 15541 | Orc:2    | Found a staircase to the Elven Halls.
 16312 | Orc:2    | Found Maycesk's Armour Shoppe.
 16356 | Orc:2    | Found Nifresm's Antique Weapon Boutique.
 16366 | Orc:2    | Found Zuaceid's Assorted Antiques.
 16368 | Orc:2    | Found Yfuli's Jewellery Shoppe.
 16374 | Orc:2    | Bought a transparent ring mail for 234 gold pieces
 16374 | Orc:2    | Identified the +3 ring mail "Vafiekh" {Dex+3} (You bought
                  | it in a shop on level 2 of the Orcish Mines)
 16559 | Lair:1   | Bought a ring of willpower for 275 gold pieces
 16576 | D:10     | Entered Level 10 of the Dungeon
 17001 | D:11     | Reached skill level 10 in Evocations
 17157 | D:11     | Identified the +6 scimitar "Muunt" {venom, Dex+4}
 17319 | D:11     | Found a frozen archway.
 17338 | IceCv    | Entered an ice cave
 17745 | IceCv    | Noticed a quicksilver ooze
 17751 | IceCv    | Killed a quicksilver ooze
 17791 | IceCv    | Noticed an azure jelly
 17815 | IceCv    | Killed an azure jelly
 17816 | IceCv    | Reached skill level 19 in Ranged Weapons
 17845 | IceCv    | Found a viscous altar of Jiyva.
 17860 | IceCv    | Identified the +4 ring mail of Spite {rCorr Int-4 Dex+5}
 17867 | IceCv    | Got the +7 sling "Giant's Toothpick" {freeze, Contam Dex+3}
 18263 | Swamp:1  | Entered Level 1 of the Swamp
 18515 | Swamp:1  | Reached XP level 16. HP: 100/122 MP: 16/16
 19358 | Swamp:1  | Reached skill level 20 in Ranged Weapons
 19783 | Swamp:2  | Paralysed by a hornet for 1 turns
 20835 | Swamp:3  | HP: 2/122 [spriggan rider/+0 spear (9)]
 21747 | D:12     | Identified the ring "Wovvyukli" {rElec rPois Dex+2}
 21988 | D:12     | Identified the maw talisman "Cebutot" {SInv}
 21988 | D:12     | Noticed Rupert
 21999 | D:12     | HP: 5/122 [Rupert/+0 heavy great sword (43)]
 22000 | D:12     | Annihilated by Rupert

Illustrated notes

Levels and vault maps discovered:
D:1:      lightli_arrival_noodles, layout_rooms,
          shapermc_ecumenical_altar_totnotflames, minmay_heptomino_w4
D:2:      layout_basic, minmay_between
D:3:      layout_basic, nicolae_overflow_crystal_walls, minmay_quantized
D:4:      layout_basic, nicolae_ashenzari_panopticon, kennysheep_mini_moat,
          xom_confusion_cloud, riverfiend_overflow_shadow_ancestor,
          trog_hazing_becter, minmay_temple_entry_trees,
          gup_sewer_entry_bubbles, kennysheep_windowed_goal
D:5:      layout_cave_pods, hangedman_minor_gate_pass
D:6:      layout_basic
D:7:      layout_rooms, fedhas_bush_and_centaur_altar, minmay_chambers_of_fives
D:8:      cheibrodos_statue_roulette, layout_cave_pools,
          chequers_ossuary_entry_cave, roadster_trireme
D:9:      layout_long_grid, hellmonk_lair_entry_icy, hiddenorc1_lemuel,
          enter_bailey_7
D:10:     layout_rooms
D:11:     layout_cave_pools, portal_ice_cave_entry_ice_simulacra, serial_undead,
          serial_undead_c, serial_undead_f, serial_undead_e, serial_undead_f
D:12:     layout_loops_corners, nicolae_trove_entry_path_of_doom,
          uniq_josephine, uniq_rupert
Temple:   nicolae_temple_ecumenical_triangle
Lair:1:   layout_loops_ring, minmay_stone_trees_medium, minmay_holes,
          uniq_erica, uniq_gastronok, uniq_amaemon
Lair:2:   layout_hall_layers
Lair:3:   layout_layer_cave, mainiacjoe_swamp_entry_angry_trees,
          hellmonk_spider_entry_life_and_decay, uniq_kirke
Lair:4:   layout_hall_layers, slime_entry_1, basic_altar,
          infiniplex_staircase_pool_2
Lair:5:   hangedman_lair_in_review, layout_regular_city,
          chequers_serial_rivers_room_a, grunt_forest_small_clearing_treed
Swamp:1:  layout_basic_swamp, nicolae_swamp_little_tower,
          nicolae_swamp_wisp_ring_woods, infiniplex_staircase_pool
Swamp:2:  nicolae_swamp_wrong_neighborhood, layout_falls_marsh,
          nicolae_swamp_tree_isthmus, swamp_pool_5
Swamp:3:  layout_basic_swamp, evilmike_swamp_ruin_house_3
Orc:1:    layout_caves
Orc:2:    st_orc_elflike, layout_caves

Skill      XL: |  1  2  3  4  5  6  7  8  9 10 11 12 13 14 15 16 |
---------------+-------------------------------------------------+-----
Ranged Weapons | 5 6 7 9 11 13 15 18 19 20 | 20.0
Fighting       | 7 10 | 10.0
Dodging        | 7 10 12 | 12.9
Armour         | 5 10 | 10.0
Evocations     | 6 10 | 10.0
Stealth        | |  1.0

Action                     |  1- 3 |  4- 6 |  7- 9 | 10-12 | 13-15 | 16-18 || total
---------------------------+-------+-------+-------+-------+-------+-------++-------
   Fire: Shortbow          |    39 |       |       |       |       |       ||    39
         Arbalest          |    14 |   108 |   157 |   344 |   879 |   276 ||  1778
 Invoke: Call Merchant     |       |       |       |     2 |     3 |       ||     5
         Potion Petition   |       |       |       |       |       |     2 ||     2
  Evoke: Condenser vane    |       |       |       |       |     3 |     1 ||     4
         Wand              |       |       |       |       |     6 |     8 ||    14
    Use: Scroll            |     8 |     6 |     4 |     8 |    10 |     9 ||    45
         Potion            |       |       |       |     4 |       |     2 ||     6
 Armour: Ring mail         |    16 |    18 |    41 |    54 |       |       ||   129
         Leather armour    |       |       |       |    18 |       |       ||    18
         Skin              |       |       |       |     6 |       |       ||     6
         Quicksilver drago |       |       |       |     9 |   191 |   102 ||   302
  Dodge: Dodged            |    18 |    25 |    24 |    58 |   284 |   113 ||   522

Table legend: (Time is in decaauts)
 A = Elapsed time spent in this place.
 B = Non-inter-level travel time spent in this place.
 C = Inter-level travel time spent in this place.
 D = Time resting spent in this place.
 E = Time spent auto-exploring this place.
 F = Levels seen in this place.
 G = Mean time per level.
                   A        B        C        D        E       F      G
               +--------+--------+--------+--------+--------+-----+--------+
         Total |  22532 |  21282 |   1250 |   3520 |  12260 |  26 |  866.6 |
       Dungeon |   9783 |   9167 |    616 |   1361 |   5486 |  12 |  815.2 |
        Temple |      1 |      1 |      0 |      0 |      0 |   1 |    1.0 |
          Lair |   6034 |   5529 |    505 |    189 |   4033 |   5 | 1206.8 |
         Swamp |   3082 |   2986 |     96 |   1230 |   1198 |   3 | 1027.3 |
  Orcish Mines |   1613 |   1581 |     32 |    364 |    869 |   2 |  806.5 |
         Sewer |    793 |    793 |      0 |     55 |    526 |   1 |  793.0 |
        Bailey |    459 |    459 |      0 |     93 |     60 |   1 |  459.0 |
      Ice Cave |    764 |    764 |      0 |    227 |     87 |   1 |  764.0 |
               +--------+--------+--------+--------+--------+-----+--------+

Top non-repeatable levels by time:
     D:8: 1617 daAuts
 Swamp:2: 1573 daAuts
  Lair:3: 1536 daAuts
 Swamp:1: 1400 daAuts
  Lair:5: 1283 daAuts
  Lair:2: 1234 daAuts
  Lair:1: 1189 daAuts
     D:5: 1033 daAuts
     D:4: 1007 daAuts
     D:7: 981 daAuts
     D:6: 941 daAuts
   Orc:2: 936 daAuts
     D:9: 893 daAuts
   Sewer: 793 daAuts
  Lair:4: 791 daAuts
